 Dungeon Crawl Stone Soup version 0.18-a0-629-g16988c9 (webtiles) character file.

25 ReteAZ the Insei (level 3, -3/24 HPs)
             Began as an Octopode Transmuter on Dec 4, 2015.
             Slain by a goblin
             ... wielding a +0 club
             ... led by Robin
              (6 damage)
             ... on level 2 of the Dungeon.
             The game lasted 00:01:48 (914 turns).

ReteAZ the Insei (Octopode Transmuter)               Turns: 914, Time: 00:01:48

Health: -3/24      AC:  1    Str:  9    XL:     3   Next: 6%
Magic:  5/6        EV: 12    Int: 15    God:
Gold:   149        SH:  0    Dex: 13    Spells: 1 memorised, 5 levels left

rFire  . . .     SeeInvis .       - Unarmed
rCold  . . .     Clarity  .     (no shield)
rNeg   . . .     SustAt   .     (helmet restricted)
rPois  .         Gourm    .     (no amulet)
rElec  .         Spirit   .     (no ring)
rCorr  .         Dismiss  .     (no ring)
rMut   .         Stasis   .     (no ring)
MR     .....                    (no ring)
Stlth  ++........               (no ring)
                                (no ring)
                                (no ring)
                                (no ring)

@: appendage (expiring), not resistant to hostile enchantments, unstealthy
A: almost no armour, amphibious, 8 rings, constrict 8, tentacle spike 3,
camouflage 1, gelatinous body 1
a: End Transformation


You were on level 2 of the Dungeon.
You were not hungry.
One of your tentacles had a temporary spike.
You visited 1 branch of the dungeon, and saw 2 of its levels.

You collected 149 gold pieces.

Inventory:

Missiles
 a - 12 arrows
Jewellery
 k - a +3 ring of intelligence {unknown}
Scrolls
 d - 4 scrolls of identify {unknown}
 e - a scroll of magic mapping {unknown}
 f - a scroll of remove curse {unknown}
 g - 3 scrolls of fog {unknown}
 i - a scroll of teleportation {unknown}
Potions
 j - a potion of poison {unknown}
Books
 b - a book of Changes

   Spells                             Type                      Level
   a - Beastly Appendage              Transmutation                1
   b - Sticks to Snakes               Transmutation                2
   c - Spider Form                    Transmutation/Poison         3
   d - Ice Form                       Ice/Transmutation            4
   e - Blade Hands                    Transmutation                5
Comestibles
 c - 2 bread rations {@e1}
 h - 2 meat rations {@e2}


   Skills:
 + Level 1.8 Fighting
 + Level 2.3 Dodging
 * Level 3.5 Unarmed Combat
 - Level 2.0 Spellcasting
 - Level 2.0 Transmutations


You had 5 spell levels left.
You knew the following spells:

 Your Spells              Type           Power        Failure   Level  Hunger
a - Beastly Appendage     Trmt           #.....       12%         1    #......


Dungeon Overview and Level Annotations

Branches:
Dungeon (2/15)

Altars:
Nemelex Xobeh

Annotations:
D:2 Robin, Terence


Innate Abilities, Weirdness & Mutations

You cannot wear most types of armour.
You are amphibious.
You can wear up to eight rings at the same time.
You can use your tentacles to constrict eight enemies at once.
Your skin changes colour to match your surroundings (Stealth).
Your rubbery body absorbs attacks (AC +1).
One of your tentacles bears a large vicious spike.


Message History

The hobgoblin barely misses you.
You tentacle-slap the hobgoblin. You grab the hobgoblin.
The hobgoblin is moderately wounded.
You constrict the hobgoblin. The goblin misses you.
You tentacle-slap the hobgoblin.
The hobgoblin is almost dead.
You constrict the hobgoblin.
You kill the hobgoblin!
The goblin hits you with a dagger.
* * * LOW HITPOINT WARNING * * *
You tentacle-slap the goblin. You grab the goblin. You squeeze the goblin.
You kill the goblin!
The goblin hits you but does no damage.
A goblin comes into view. It is wielding a vampiric dagger.
The goblin shouts!
You tentacle-slap the goblin. Your grab misses the goblin.
You pierce the goblin.
The goblin is severely wounded.
The goblin hits you with a club.
You die...

#..###.....#.#
#...##.....#.#########
##..##................
#
#..##.....#.#########
#. #..##.#.....#
#####g##..##.#.#####
..........##.#..
######g#g###)###
#..ggg@.# #.#.#####
#...# #...# #...#
#...# #%.>. #...


You could see Robin, a hobgoblin (frenzied) and 3 goblins.

Vanquished Creatures
  An ooze (D:1)
  A giant gecko (D:1)
  5 bats
  A giant cockroach (D:2)
  2 goblins
  4 hobgoblins
  A kobold (D:1)
  2 giant newts (D:1)
  2 rats (D:1)
  A fungus (D:1)
20 creatures vanquished.

Notes
Turn   | Place    | Note
--------------------------------------------------------------
     0 | D:1      | ReteAZ the Octopode Transmuter began the quest for the Orb.
     0 | D:1      | Reached XP level 1. HP: 13/13 MP: 3/3
   229 | D:1      | Reached XP level 2. HP: 18/18 MP: 5/5
   312 | D:1      | Found a sparkling altar of Nemelex Xobeh.
   861 | D:2      | Noticed Terence
   904 | D:2      | Reached XP level 3. HP: 11/24 MP: 4/6
   907 | D:2      | Noticed Robin
   914 | D:2      | Slain by a goblin

Vault maps used:
D:1:      zaba_arrival_water, minmay_gold_behind_fungi,
          nemelex_diamond_rough_becter
D:2:      first_bread, uniq_terence, uniq_robin

Action                   || total
-------------------------++-------
Melee: Unarmed           ||    46
 Cast: Beastly Appendage ||     2
 Stab: Sleeping          ||     2
